Login

Warheads vs Trash Pandas

Created - May 5, 2024 at 12:05

Goals
1 2 3 T
Warheads 1 1 1 3
Trash Pandas 1 0 0 1
Shots
1 2 3 T
Warheads 10 10 5 25
Trash Pandas 11 12 15 38

GoalsPenalties
1st period
1. Trash Pandas , Nick Foligno 7 (Christian Dvorak 10, Ryan Strome 31) at 5:40
2. Warheads , Lawson Crouse 18 (Robert Thomas 33, Lucas Raymond 25) at 6:17
Lawson Crouse (WAR) for Interference (Minor) at 1:16
Raccoon Willie (ABE) for Hooking (Minor) at 13:21
Connor Murphy (ABE) for Slashing (Minor) at 19:01
2nd period
3. Warheads , Robert Thomas 26 (Mitchell Marner 42, Cam Fowler 25) at 0:41 (PP)
Connor Murphy (ABE) for Holding (Minor) at 3:40
Timothy Liljegren (WAR) for Hooking (Minor) at 9:19
3rd period
4. Warheads , Nicolas Roy 11 (Lawson Crouse 24) at 16:00 (PP)
Lawson Crouse (WAR) for Hooking (Minor) at 5:07
Lawson Crouse (WAR) for Holding (Minor) at 11:24
Raccoon Willie (ABE) for Hooking (Minor) at 14:13
Jeff Carter (WAR) for Hooking (Minor) at 17:20
Goalie Stats
Logan Thompson (WAR), 37 saves from 38 shots - (0.974), W, 35-38-8, 60:00 minutes
Tristan Jarry (ABE), 22 saves from 25 shots - (0.880), L, 24-35-7, 60:00 minutes
3 StarsOfficial
1 - Logan Thompson (WAR)
2 - Robert Thomas (WAR)
3 - Nick Foligno (ABE)
Referees : Unknown
Linesman : Unknown
Game Note
No Game Note
Finance
Level 1 -- Attendance: 4321 (72.02%) -- Ticket Income $432,100
Level 2 -- Attendance: 3931 (78.62%) -- Ticket Income $235,860
Level 3 -- Attendance: 1583 (79.15%) -- Ticket Income $55,405
Level 4 -- Attendance: 2767 (69.18%) -- Ticket Income $69,175
Luxury Box -- Attendance: 1000 (100.00%) -- Ticket Income $200,000
Game was played at the Balmoral Castle.
Total Attendance: 13602 (75.57%)
Total Ticket Income: $992,540
Other Income: $397,016
Total Income: $1,389,556



Team Name Goals Shots Shots Attemp Shots Blocked PIM HIT PP PK FO%
Warheads 325421110152 / 4 (50%)040%
Trash Pandas 1388258200 / 5 (0%)260%

Warheads
Player Name POS G A P +/- PIM HIT SHT SB MP PP MP PP SHT PK MP PK SHT FO% FOT
Brock KnuckledunkerC/LW0000011016:020:0002:2300% 0
Cam FowlerD0110001320:065:0707:2700% 0
Damon SeversonD0000004016:012:5442:1800% 0
Ilya MikheyevLW/RW000000006:470:1100:1100% 0
Jack McBainC/LW0000012119:532:5407:3200% 0
Jacob MiddletonD0000000313:291:5700:4300% 0
Jake WalmanD0000001017:070:0000:0000% 0
Jeff CarterC/RW000021006:240:0000:00050% 6
Jeremy LauzonD0000041017:070:0000:0000% 0
John MarinoD0000021326:484:5217:1200% 0
Lawson CrouseLW/RW1120631017:053:5900:0000% 0
Lucas RaymondRW0110004017:083:5900:0000% 1
Lukas ReichelLW/RW0000000013:390:0000:000100% 1
Mitchell MarnerRW0110024026:363:4417:0006% 16
Nicolas RoyC/LW/RW1010002015:412:0220:00060% 15
Radek FaksaC/LW000000109:270:0000:00050% 16
Robert ThomasC/RW1120002121:195:2612:44038% 26
Timothy LiljegrenD000021009:210:0002:1000% 0
Trash Pandas
Player Name POS G A P +/- PIM HIT SHT SB MP PP MP PP SHT PK MP PK SHT FO% FOT
Anze KopitarC0000005018:444:3133:42075% 28
Ben ChiarotD0000052223:535:0913:2000% 0
Christian DvorakC/LW0111002019:000:0004:0500% 0
Connor MurphyD0000451322:245:0901:5300% 0
Erik GudbransonD0000011019:574:4313:5000% 0
Erik JohnsonD0000000019:120:0303:1700% 0
Jonathan ToewsC000-1002017:195:2120:00055% 20
Kevin BahlD0000011016:280:0300:3300% 0
Morgan GeekieC/RW000000005:160:0000:0000% 0
Nick BoninoC000000000:030:0300:0000% 0
Nick FolignoC/LW/RW1011035014:550:0000:0000% 1
Raccoon WillieRW0000405020:194:3420:000100% 2
Ryan O'ReillyC000000008:530:0003:37055% 11
Ryan StromeC0111002015:040:0300:06053% 15
Sean KuralyLW0000012017:494:3122:4700% 0
Shayne GostisbehereD0000002018:044:4321:5700% 0
Taylor HallLW/RW000-1003017:525:2120:33025% 4
Tom WilsonRW000-1045017:195:2110:0000% 0

Warheads

5 vs 5 Forward
Line #Left WingCenterRight WingPHYDFOFWanted %Time %Time Play
1Jack McBainRadek FaksaMitchell Marner1223022%9:27
2Lawson CrouseRobert ThomasLucas Raymond1222831%13:09
3Brock KnuckledunkerNicolas RoyLukas Reichel1222632%13:39
4Ilya MikheyevJeff CarterMitchell Marner1221615%6:25
5 vs 5 Defense
Line #DefenseDefensePHYDFOFWanted %Time %Time Play
1Jeremy LauzonJake Walman1223040%17:07
2John MarinoCam Fowler1222818%7:32
3John MarinoTimothy Liljegren1222617%7:12
4Damon SeversonJacob Middleton1221625%10:49
Power Play Forward
Line #Left WingCenterRight WingPHYDFOFWanted %Time %Time Play
1Jack McBainRobert ThomasMitchell Marner1225544%3:15
2Lawson CrouseRobert ThomasLucas Raymond1224556%4:10
Power Play Defense
Line #DefenseDefensePHYDFOFWanted %Time %Time Play
1Cam FowlerJohn Marino1225581%5:59
2John MarinoCam Fowler1224519%1:26
Penalty Kill 4 Players Forward
Line #CenterWingPHYDFOFWanted %Time %Time Play
1Mitchell MarnerJack McBain1225571%7:00
2Robert ThomasJack McBain1224529%2:55
Penalty Kill 4 Players Defense
Line #DefenseDefensePHYDFOFWanted %Time %Time Play
1Cam FowlerJohn Marino1225579%7:52
2John MarinoCam Fowler1224521%2:03
Penalty Kill 3 Players
Line #WingPHYDFOFWanted %Time %Time PlayDefenseDefensePHYDFOFWanted %Time %Time Play
1Mitchell Marner122550%0:00 Cam FowlerJohn Marino122550%0:00
2Mitchell Marner122450%0:00 John MarinoCam Fowler122450%0:00
4 vs 4 Forward
Line #CenterWingPHYDFOFWanted %Time %Time Play
1Mitchell MarnerJack McBain122550%0:00
2Robert ThomasJack McBain122450%0:00
4 vs 4 Defense
Line #DefensePHYDFOFWanted %Time %Time Play
1John MarinoCam Fowler122550%0:00
2John MarinoCam Fowler122450%0:00
Last Minutes Offensive
Left WingCenterRight WingDefenseDefense
Jack McBainRadek FaksaMitchell MarnerJeremy LauzonJake Walman
Last Minutes Defensive
Left WingCenterRight WingDefenseDefense
Jack McBainRadek FaksaMitchell MarnerJeremy LauzonJake Walman
Time
Total ForwardTotal DefenseLast Minutes OffensiveLast Minutes Defensive
60:00 60:00 0:000:00
Extra Forwards
Normal PowerPlayPenalty Kill
Mitchell Marner, Nicolas Roy, Jack McBainMitchell Marner, Nicolas RoyMitchell Marner
Extra Defensemen
Normal PowerPlayPenalty Kill
John Marino, Timothy Liljegren, Damon SeversonJohn Marino, Timothy LiljegrenDamon Severson
Penalty Shots
Mitchell Marner, Nicolas Roy, Robert Thomas, Jack McBain, Lucas Raymond
Goalie
Logan Thompson, Adin Hill
Custom OT Lines Forwards
Mitchell Marner, Radek Faksa, Robert Thomas, Jack McBain, Lucas Raymond, Lawson Crouse, Brock Knuckledunker, Nicolas Roy, Lukas Reichel, Jeff Carter
Custom OT Lines Defensemen
Jeremy Lauzon, Jake Walman, John Marino, Cam Fowler, Timothy Liljegren
Scratches
Andrew Copp (Healthy), Jordan Greenway (Healthy)

Trash Pandas

5 vs 5 Forward
Line #Left WingCenterRight WingPHYDFOFWanted %Time %Time Play
1Sean KuralyAnze KopitarRaccoon Willie1133025%10:31
2Taylor HallJonathan ToewsTom Wilson1132828%11:58
3Christian DvorakRyan StromeNick Foligno1132635%14:55
4Raccoon WillieRyan O'ReillyMorgan Geekie1131612%5:16
5 vs 5 Defense
Line #DefenseDefensePHYDFOFWanted %Time %Time Play
1Connor MurphyBen Chiarot1223026%11:14
2Erik GudbransonShayne Gostisbehere1222827%11:24
3Kevin BahlErik Johnson1222637%15:52
4Connor MurphyBen Chiarot1221610%4:10
Power Play Forward
Line #Left WingCenterRight WingPHYDFOFWanted %Time %Time Play
1Sean KuralyAnze KopitarRaccoon Willie1135546%4:34
2Taylor HallJonathan ToewsTom Wilson1134554%5:21
Power Play Defense
Line #DefenseDefensePHYDFOFWanted %Time %Time Play
1Connor MurphyBen Chiarot1135552%5:12
2Erik GudbransonShayne Gostisbehere1134548%4:43
Penalty Kill 4 Players Forward
Line #CenterWingPHYDFOFWanted %Time %Time Play
1Anze KopitarChristian Dvorak1315559%4:22
2Ryan O'ReillySean Kuraly1314541%3:03
Penalty Kill 4 Players Defense
Line #DefenseDefensePHYDFOFWanted %Time %Time Play
1Connor MurphyBen Chiarot1315552%3:53
2Erik GudbransonErik Johnson1314548%3:32
Penalty Kill 3 Players
Line #WingPHYDFOFWanted %Time %Time PlayDefenseDefensePHYDFOFWanted %Time %Time Play
1Ryan O'Reilly131550%0:00 Connor MurphyBen Chiarot122550%0:00
2Anze Kopitar122450%0:00 Erik GudbransonErik Johnson122450%0:00
4 vs 4 Forward
Line #CenterWingPHYDFOFWanted %Time %Time Play
1Raccoon WillieAnze Kopitar122550%0:00
2Sean KuralyTaylor Hall122450%0:00
4 vs 4 Defense
Line #DefensePHYDFOFWanted %Time %Time Play
1Connor MurphyBen Chiarot122550%0:00
2Erik GudbransonErik Johnson122450%0:00
Last Minutes Offensive
Left WingCenterRight WingDefenseDefense
Sean KuralyAnze KopitarRaccoon WillieConnor MurphyBen Chiarot
Last Minutes Defensive
Left WingCenterRight WingDefenseDefense
Sean KuralyAnze KopitarRaccoon WillieConnor MurphyBen Chiarot
Time
Total ForwardTotal DefenseLast Minutes OffensiveLast Minutes Defensive
60:00 60:00 0:000:00
Extra Forwards
Normal PowerPlayPenalty Kill
Nick Bonino, Ryan Strome, Ryan O'ReillyNick Bonino, Ryan StromeRyan O'Reilly
Extra Defensemen
Normal PowerPlayPenalty Kill
Kevin Bahl, Shayne Gostisbehere, Erik GudbransonKevin Bahl, Shayne GostisbehereErik Gudbranson
Penalty Shots
Raccoon Willie, Anze Kopitar, Sean Kuraly, Taylor Hall, Jonathan Toews
Goalie
Tristan Jarry, Casey DeSmith
Custom OT Lines Forwards
Raccoon Willie, Anze Kopitar, Sean Kuraly, Taylor Hall, Jonathan Toews, Tom Wilson, Ryan Strome, Ryan O'Reilly, Christian Dvorak, Nick Bonino
Custom OT Lines Defensemen
Connor Murphy, Ben Chiarot, Erik Gudbranson, Erik Johnson, Kevin Bahl
Scratches
Nico Sturm (Healthy), Tanner Pearson (Healthy), Carson Soucy (Healthy)


Play-by-Play

1st period


0:01 of 1st period - Anze Kopitar wins face-off versus Radek Faksa in neutral zone.
0:01 of 1st period - Anze Kopitar is hit by Mitchell Marner.
0:30 of 1st period - Icing by Connor Murphy.
0:31 of 1st period - Anze Kopitar wins face-off versus Robert Thomas in Trash Pandas zone.
0:46 of 1st period - Robert Thomas is hit by Ben Chiarot and loses puck.
1:10 of 1st period - Robert Thomas is hit by Connor Murphy and loses puck.
1:16 of 1st period - Minor Penalty to Lawson Crouse for Interference.
1:17 of 1st period - Jonathan Toews wins face-off versus Mitchell Marner in Warheads zone.
1:20 of 1st period - Shot by Taylor Hall.
1:20 of 1st period - Stopped by Logan Thompson without a rebound.
1:21 of 1st period - Jonathan Toews wins face-off versus Mitchell Marner in Warheads zone.
1:22 of 1st period - Shot by Tom Wilson.
1:22 of 1st period - Shot Misses the Net.
2:19 of 1st period - Shot by Raccoon Willie.
2:19 of 1st period - Shot Misses the Net.
2:21 of 1st period - Shot by Ben Chiarot.
2:21 of 1st period - Shot Misses the Net.
3:04 of 1st period - Shot by Jonathan Toews.
3:04 of 1st period - Stopped by Logan Thompson with a rebound.
3:35 of 1st period - Christian Dvorak is hit by Jeff Carter and loses puck.
5:31 of 1st period - Shot by Anze Kopitar.
5:31 of 1st period - Shot Misses the Net.
5:34 of 1st period - Icing by Jeremy Lauzon.
5:35 of 1st period - Ryan Strome wins face-off versus Robert Thomas in Warheads zone.
5:38 of 1st period - Shot by Christian Dvorak.
5:38 of 1st period - Shot Misses the Net.
5:40 of 1st period - Shot by Nick Foligno.
5:40 of 1st period - Goal by Nick Foligno - Warheads : 0 - Trash Pandas : 1.
5:41 of 1st period - Ryan Strome wins face-off versus Radek Faksa in neutral zone.
5:47 of 1st period - Icing by Timothy Liljegren.
5:48 of 1st period - Radek Faksa wins face-off versus Ryan Strome in Warheads zone.
5:48 of 1st period - Radek Faksa is hit by Nick Foligno.
6:07 of 1st period - Shot by Mitchell Marner.
6:07 of 1st period - Stopped by Tristan Jarry without a rebound.
6:08 of 1st period - Robert Thomas wins face-off versus Jonathan Toews in Trash Pandas zone.
6:17 of 1st period - Shot by Lawson Crouse.
6:17 of 1st period - Goal by Lawson Crouse - Warheads : 1 - Trash Pandas : 1.
6:18 of 1st period - Ryan O'Reilly wins face-off versus Radek Faksa in neutral zone.
6:25 of 1st period - Shot by Ryan O'Reilly.
6:25 of 1st period - Shot Misses the Net.
6:52 of 1st period - Raccoon Willie is hit by Timothy Liljegren and loses puck.
6:57 of 1st period - Shot by Ryan O'Reilly.
6:57 of 1st period - Shot Hit the Post.
7:38 of 1st period - Robert Thomas is hit by Tom Wilson and loses puck.
8:19 of 1st period - Shot by Nick Foligno.
8:19 of 1st period - Stopped by Logan Thompson without a rebound.
8:20 of 1st period - Jeff Carter wins face-off versus Anze Kopitar in Warheads zone.
8:20 of 1st period - Jeff Carter is hit by Sean Kuraly.
8:28 of 1st period - John Marino is hit by Kevin Bahl and loses puck.
8:51 of 1st period - Shot by Raccoon Willie.
8:51 of 1st period - Shot Misses the Net.
9:25 of 1st period - Shot by Tom Wilson.
9:25 of 1st period - Stopped by Logan Thompson without a rebound.
9:26 of 1st period - Nicolas Roy wins face-off versus Ryan Strome in Warheads zone.
9:37 of 1st period - Damon Severson is hit by Connor Murphy and loses puck.
10:27 of 1st period - Robert Thomas is hit by Ben Chiarot.
10:29 of 1st period - Shot by Lucas Raymond.
10:29 of 1st period - Stopped by Tristan Jarry with a rebound.
10:31 of 1st period - Shot by Lawson Crouse.
10:31 of 1st period - Shot Blocked by Ben Chiarot.
10:33 of 1st period - Shot by Jeremy Lauzon.
10:33 of 1st period - Stopped by Tristan Jarry without a rebound.
10:34 of 1st period - Radek Faksa wins face-off versus Jonathan Toews in Trash Pandas zone.
11:07 of 1st period - Shot by Jonathan Toews.
11:07 of 1st period - Deflect By Tom Wilson.
11:07 of 1st period - Stopped by Logan Thompson with a rebound.
11:33 of 1st period - Shot by Anze Kopitar.
11:33 of 1st period - Stopped by Logan Thompson without a rebound.
11:34 of 1st period - Nicolas Roy wins face-off versus Ryan O'Reilly in Warheads zone.
12:34 of 1st period - Icing by Ryan Strome.
12:35 of 1st period - Ryan Strome wins face-off versus Robert Thomas in Trash Pandas zone.
12:44 of 1st period - Shot by Christian Dvorak.
12:44 of 1st period - Shot Misses the Net.
12:46 of 1st period - Shot by Ben Chiarot.
12:46 of 1st period - Stopped by Logan Thompson without a rebound.
12:47 of 1st period - Robert Thomas wins face-off versus Jonathan Toews in Warheads zone.
12:47 of 1st period - Robert Thomas is hit by Tom Wilson.
12:53 of 1st period - Shot by Lawson Crouse.
12:53 of 1st period - Deflect By Lucas Raymond.
12:53 of 1st period - Stopped by Tristan Jarry without a rebound.
12:54 of 1st period - Robert Thomas wins face-off versus Anze Kopitar in Trash Pandas zone.
12:55 of 1st period - Shot by Lucas Raymond.
12:55 of 1st period - Stopped by Tristan Jarry without a rebound.
12:56 of 1st period - Radek Faksa wins face-off versus Anze Kopitar in Trash Pandas zone.
12:56 of 1st period - Radek Faksa is hit by Connor Murphy.
13:18 of 1st period - Shot by Raccoon Willie.
13:18 of 1st period - Shot Misses the Net.
13:21 of 1st period - Minor Penalty to Raccoon Willie for Hooking.
13:22 of 1st period - Anze Kopitar wins face-off versus Robert Thomas in Trash Pandas zone.
14:27 of 1st period - Shot by Damon Severson.
14:27 of 1st period - Stopped by Tristan Jarry without a rebound.
14:28 of 1st period - Anze Kopitar wins face-off versus Mitchell Marner in Trash Pandas zone.
14:28 of 1st period - Anze Kopitar is hit by Lawson Crouse.
14:54 of 1st period - Shot by Lucas Raymond.
14:54 of 1st period - Shot Misses the Net.
14:56 of 1st period - Shot by Cam Fowler.
14:56 of 1st period - Deflect By Mitchell Marner.
14:56 of 1st period - Stopped by Tristan Jarry without a rebound.
14:57 of 1st period - Mitchell Marner wins face-off versus Anze Kopitar in Trash Pandas zone.
15:06 of 1st period - Shot by Mitchell Marner.
15:06 of 1st period - Shot Misses the Net.
15:08 of 1st period - Shot by Jack McBain.
15:08 of 1st period - Deflect By Mitchell Marner.
15:08 of 1st period - Shot Blocked by Connor Murphy.
15:49 of 1st period - Nicolas Roy is hit by Erik Gudbranson and loses puck.
16:25 of 1st period - Icing by Jake Walman.
16:26 of 1st period - Nicolas Roy wins face-off versus Ryan Strome in Warheads zone.
16:51 of 1st period - Shot by Connor Murphy.
16:51 of 1st period - Stopped by Logan Thompson without a rebound.
16:52 of 1st period - Anze Kopitar wins face-off versus Robert Thomas in Warheads zone.
17:57 of 1st period - Shot by Mitchell Marner.
17:57 of 1st period - Shot Misses the Net.
17:59 of 1st period - Shot by Jack McBain.
17:59 of 1st period - Stopped by Tristan Jarry without a rebound.
18:00 of 1st period - Jonathan Toews wins face-off versus Jeff Carter in Trash Pandas zone.
18:15 of 1st period - Shot by Taylor Hall.
18:15 of 1st period - Deflect By Tom Wilson.
18:15 of 1st period - Stopped by Logan Thompson without a rebound.
18:16 of 1st period - Ryan Strome wins face-off versus Nicolas Roy in Warheads zone.
18:17 of 1st period - Shot by Nick Foligno.
18:17 of 1st period - Stopped by Logan Thompson with a rebound.
18:37 of 1st period - Shot by Nicolas Roy.
18:37 of 1st period - Shot Misses the Net.
18:43 of 1st period - Shot by Brock Knuckledunker.
18:43 of 1st period - Shot Misses the Net.
18:45 of 1st period - Shot by Brock Knuckledunker.
18:45 of 1st period - Stopped by Tristan Jarry without a rebound.
18:46 of 1st period - Radek Faksa wins face-off versus Jonathan Toews in Trash Pandas zone.
18:46 of 1st period - Radek Faksa is hit by Ben Chiarot.
18:53 of 1st period - Mitchell Marner is hit by Connor Murphy and loses puck.
19:01 of 1st period - Minor Penalty to Connor Murphy for Slashing.
19:02 of 1st period - Anze Kopitar wins face-off versus Robert Thomas in Trash Pandas zone.
Goals for this period are 1 for Warheads vs 1 for Trash Pandas.
Shots for this period are 10 for Warheads vs 11 for Trash Pandas.

2nd period


0:01 of 2nd period - Anze Kopitar wins face-off versus Robert Thomas in neutral zone.
0:41 of 2nd period - Shot by Robert Thomas.
0:41 of 2nd period - Goal by Robert Thomas - Warheads : 2 - Trash Pandas : 1.
0:42 of 2nd period - Nicolas Roy wins face-off versus Jonathan Toews in neutral zone.
0:50 of 2nd period - Taylor Hall is hit by Jeremy Lauzon and loses puck.
0:54 of 2nd period - Icing by Nicolas Roy.
0:55 of 2nd period - Nicolas Roy wins face-off versus Ryan Strome in Warheads zone.
1:02 of 2nd period - Shot by Christian Dvorak.
1:02 of 2nd period - Stopped by Logan Thompson with a rebound.
1:38 of 2nd period - Icing by Erik Johnson.
1:39 of 2nd period - Ryan Strome wins face-off versus Radek Faksa in Trash Pandas zone.
2:15 of 2nd period - Icing by Kevin Bahl.
2:16 of 2nd period - Robert Thomas wins face-off versus Ryan Strome in Trash Pandas zone.
2:35 of 2nd period - Shot by Raccoon Willie.
2:35 of 2nd period - Stopped by Logan Thompson without a rebound.
2:36 of 2nd period - Anze Kopitar wins face-off versus Nicolas Roy in Warheads zone.
2:51 of 2nd period - Shot by Raccoon Willie.
2:51 of 2nd period - Deflect By Anze Kopitar.
2:51 of 2nd period - Stopped by Logan Thompson with a rebound.
3:00 of 2nd period - Raccoon Willie is hit by Jeremy Lauzon and loses puck.
3:35 of 2nd period - Shot by Cam Fowler.
3:35 of 2nd period - Stopped by Tristan Jarry with a rebound.
3:37 of 2nd period - Shot by John Marino.
3:37 of 2nd period - Shot Misses the Net.
3:40 of 2nd period - Minor Penalty to Connor Murphy for Holding.
3:41 of 2nd period - Ryan O'Reilly wins face-off versus Robert Thomas in Trash Pandas zone.
4:08 of 2nd period - Shot by John Marino.
4:08 of 2nd period - Stopped by Tristan Jarry without a rebound.
4:09 of 2nd period - Ryan O'Reilly wins face-off versus Robert Thomas in Trash Pandas zone.
5:08 of 2nd period - Shot by Lawson Crouse.
5:08 of 2nd period - Shot Misses the Net.
5:10 of 2nd period - Shot by Damon Severson.
5:10 of 2nd period - Stopped by Tristan Jarry without a rebound.
5:11 of 2nd period - Nicolas Roy wins face-off versus Ryan O'Reilly in Trash Pandas zone.
6:05 of 2nd period - Shot by Ilya Mikheyev.
6:05 of 2nd period - Shot Misses the Net.
6:07 of 2nd period - Shot by Mitchell Marner.
6:07 of 2nd period - Stopped by Tristan Jarry without a rebound.
6:08 of 2nd period - Nicolas Roy wins face-off versus Ryan O'Reilly in Trash Pandas zone.
7:10 of 2nd period - Shot by Jonathan Toews.
7:10 of 2nd period - Shot Blocked by Jacob Middleton.
7:12 of 2nd period - Shot by Taylor Hall.
7:12 of 2nd period - Stopped by Logan Thompson without a rebound.
7:13 of 2nd period - Ryan Strome wins face-off versus Radek Faksa in Warheads zone.
7:32 of 2nd period - Shot by Radek Faksa.
7:32 of 2nd period - Stopped by Tristan Jarry without a rebound.
7:33 of 2nd period - Jeff Carter wins face-off versus Taylor Hall in Trash Pandas zone.
8:28 of 2nd period - Shot by Raccoon Willie.
8:28 of 2nd period - Shot Misses the Net.
8:47 of 2nd period - Shot by Robert Thomas.
8:47 of 2nd period - Stopped by Tristan Jarry without a rebound.
8:48 of 2nd period - Ryan Strome wins face-off versus Nicolas Roy in Trash Pandas zone.
8:48 of 2nd period - Ryan Strome is hit by Brock Knuckledunker.
9:04 of 2nd period - Shot by Nick Foligno.
9:04 of 2nd period - Shot Blocked by John Marino.
9:15 of 2nd period - Christian Dvorak is hit by John Marino and loses puck.
9:19 of 2nd period - Minor Penalty to Timothy Liljegren for Hooking.
9:20 of 2nd period - Anze Kopitar wins face-off versus Mitchell Marner in Warheads zone.
10:17 of 2nd period - Shot by Jonathan Toews.
10:17 of 2nd period - Stopped by Logan Thompson without a rebound.
10:18 of 2nd period - Jonathan Toews wins face-off versus Robert Thomas in Warheads zone.
10:25 of 2nd period - Shot by Ben Chiarot.
10:25 of 2nd period - Deflect By Tom Wilson.
10:25 of 2nd period - Stopped by Logan Thompson with a rebound.
10:27 of 2nd period - Shot by Connor Murphy.
10:27 of 2nd period - Shot Blocked by Robert Thomas.
11:04 of 2nd period - Off-side.
11:05 of 2nd period - Anze Kopitar wins face-off versus Mitchell Marner in neutral zone.
11:10 of 2nd period - Shot by Anze Kopitar.
11:10 of 2nd period - Shot Misses the Net.
11:12 of 2nd period - Shot by Sean Kuraly.
11:12 of 2nd period - Stopped by Logan Thompson without a rebound.
11:13 of 2nd period - Anze Kopitar wins face-off versus Mitchell Marner in Warheads zone.
11:21 of 2nd period - Ryan Strome is hit by Jeremy Lauzon and loses puck.
11:29 of 2nd period - Nick Foligno is hit by Jeremy Lauzon and loses puck.
12:12 of 2nd period - Shot by Lawson Crouse.
12:12 of 2nd period - Shot Misses the Net.
12:28 of 2nd period - Shot by Lawson Crouse.
12:28 of 2nd period - Shot Misses the Net.
13:12 of 2nd period - Shot by Mitchell Marner.
13:12 of 2nd period - Stopped by Tristan Jarry without a rebound.
13:13 of 2nd period - Radek Faksa wins face-off versus Taylor Hall in Trash Pandas zone.
13:20 of 2nd period - Shot by Jack McBain.
13:20 of 2nd period - Stopped by Tristan Jarry with a rebound.
13:22 of 2nd period - Shot by Jake Walman.
13:22 of 2nd period - Stopped by Tristan Jarry without a rebound.
13:23 of 2nd period - Anze Kopitar wins face-off versus Nicolas Roy in Trash Pandas zone.
13:38 of 2nd period - Shot by Raccoon Willie.
13:38 of 2nd period - Stopped by Logan Thompson without a rebound.
13:39 of 2nd period - Taylor Hall wins face-off versus Robert Thomas in Warheads zone.
13:42 of 2nd period - Shot by Jonathan Toews.
13:42 of 2nd period - Shot Misses the Net.
13:44 of 2nd period - Shot by Tom Wilson.
13:44 of 2nd period - Stopped by Logan Thompson without a rebound.
13:45 of 2nd period - Raccoon Willie wins face-off versus Radek Faksa in Warheads zone.
13:46 of 2nd period - Shot by Anze Kopitar.
13:46 of 2nd period - Shot Misses the Net.
13:56 of 2nd period - Shot by Radek Faksa.
13:56 of 2nd period - Shot Blocked by Ben Chiarot.
13:58 of 2nd period - Shot by John Marino.
13:58 of 2nd period - Shot Blocked by Connor Murphy.
14:00 of 2nd period - Shot by Jack McBain.
14:00 of 2nd period - Shot Misses the Net.
14:56 of 2nd period - Shot by Lawson Crouse.
14:56 of 2nd period - Shot Blocked by Connor Murphy.
15:34 of 2nd period - Shot by Shayne Gostisbehere.
15:34 of 2nd period - Shot Blocked by Jacob Middleton.
15:55 of 2nd period - Shot by Jonathan Toews.
15:55 of 2nd period - Shot Blocked by Jacob Middleton.
16:29 of 2nd period - Shot by Nick Foligno.
16:29 of 2nd period - Stopped by Logan Thompson without a rebound.
16:30 of 2nd period - Radek Faksa wins face-off versus Ryan Strome in Warheads zone.
16:30 of 2nd period - Radek Faksa is hit by Nick Foligno.
16:41 of 2nd period - Shot by Christian Dvorak.
16:41 of 2nd period - Shot Blocked by Jack McBain.
16:43 of 2nd period - Shot by Kevin Bahl.
16:43 of 2nd period - Stopped by Logan Thompson with a rebound.
16:45 of 2nd period - Shot by Kevin Bahl.
16:45 of 2nd period - Shot Misses the Net.
16:47 of 2nd period - Shot by Nick Foligno.
16:47 of 2nd period - Shot Misses the Net.
16:49 of 2nd period - Shot by Kevin Bahl.
16:49 of 2nd period - Shot Misses the Net.
16:55 of 2nd period - Shot by Nick Foligno.
16:55 of 2nd period - Stopped by Logan Thompson without a rebound.
16:56 of 2nd period - Robert Thomas wins face-off versus Jonathan Toews in Warheads zone.
17:14 of 2nd period - Icing by Erik Gudbranson.
17:15 of 2nd period - Jonathan Toews wins face-off versus Jeff Carter in Trash Pandas zone.
17:41 of 2nd period - Off-side.
17:42 of 2nd period - Ryan O'Reilly wins face-off versus Robert Thomas in neutral zone.
18:49 of 2nd period - Shot by Christian Dvorak.
18:49 of 2nd period - Shot Misses the Net.
19:09 of 2nd period - Timothy Liljegren is hit by Nick Foligno and loses puck.
19:33 of 2nd period - Icing by Lukas Reichel.
19:34 of 2nd period - Lukas Reichel wins face-off versus Jonathan Toews in Warheads zone.
19:46 of 2nd period - Nicolas Roy is hit by Tom Wilson and loses puck.
Goals for this period are 1 for Warheads vs 0 for Trash Pandas.
Shots for this period are 10 for Warheads vs 12 for Trash Pandas.

3rd period


0:01 of 3rd period - Radek Faksa wins face-off versus Anze Kopitar in neutral zone.
0:30 of 3rd period - Icing by John Marino.
0:31 of 3rd period - Jonathan Toews wins face-off versus Radek Faksa in Warheads zone.
1:24 of 3rd period - Connor Murphy is hit by Lawson Crouse and loses puck.
3:29 of 3rd period - Icing by Erik Johnson.
3:30 of 3rd period - Robert Thomas wins face-off versus Ryan Strome in Trash Pandas zone.
4:30 of 3rd period - Jeremy Lauzon is hit by Tom Wilson and loses puck.
5:07 of 3rd period - Minor Penalty to Lawson Crouse for Hooking.
5:08 of 3rd period - Anze Kopitar wins face-off versus Mitchell Marner in Warheads zone.
5:13 of 3rd period - Shot by Ben Chiarot.
5:13 of 3rd period - Stopped by Logan Thompson without a rebound.
5:14 of 3rd period - Anze Kopitar wins face-off versus Mitchell Marner in Warheads zone.
5:19 of 3rd period - Shot by Anze Kopitar.
5:19 of 3rd period - Stopped by Logan Thompson with a rebound.
5:21 of 3rd period - Shot by Connor Murphy.
5:21 of 3rd period - Shot Blocked by John Marino.
5:23 of 3rd period - Shot by Ben Chiarot.
5:23 of 3rd period - Shot Misses the Net.
5:25 of 3rd period - Shot by Sean Kuraly.
5:25 of 3rd period - Shot Misses the Net.
6:13 of 3rd period - Shot by Taylor Hall.
6:13 of 3rd period - Stopped by Logan Thompson with a rebound.
6:27 of 3rd period - Shot by Shayne Gostisbehere.
6:27 of 3rd period - Shot Misses the Net.
6:29 of 3rd period - Shot by Taylor Hall.
6:29 of 3rd period - Shot Misses the Net.
6:31 of 3rd period - Shot by Tom Wilson.
6:31 of 3rd period - Shot Misses the Net.
6:33 of 3rd period - Shot by Erik Gudbranson.
6:33 of 3rd period - Stopped by Logan Thompson with a rebound.
6:35 of 3rd period - Shot by Erik Gudbranson.
6:35 of 3rd period - Shot Blocked by John Marino.
6:37 of 3rd period - Shot by Erik Gudbranson.
6:37 of 3rd period - Shot Misses the Net.
6:51 of 3rd period - Shot by Sean Kuraly.
6:51 of 3rd period - Stopped by Logan Thompson with a rebound.
7:16 of 3rd period - Shot by Ryan Strome.
7:16 of 3rd period - Shot Misses the Net.
7:33 of 3rd period - Shot by Nicolas Roy.
7:33 of 3rd period - Shot Misses the Net.
7:50 of 3rd period - Off-side.
7:51 of 3rd period - Ryan O'Reilly wins face-off versus Robert Thomas in neutral zone.
8:02 of 3rd period - Shot by Raccoon Willie.
8:02 of 3rd period - Stopped by Logan Thompson without a rebound.
8:03 of 3rd period - Jonathan Toews wins face-off versus Jeff Carter in Warheads zone.
9:01 of 3rd period - Shot by Lucas Raymond.
9:01 of 3rd period - Stopped by Tristan Jarry without a rebound.
9:02 of 3rd period - Nicolas Roy wins face-off versus Anze Kopitar in Trash Pandas zone.
9:02 of 3rd period - Lukas Reichel is hit by Ben Chiarot and loses puck.
9:06 of 3rd period - Icing by Connor Murphy.
9:07 of 3rd period - Raccoon Willie wins face-off versus Nicolas Roy in Trash Pandas zone.
9:31 of 3rd period - Icing by Ben Chiarot.
9:32 of 3rd period - Anze Kopitar wins face-off versus Robert Thomas in Trash Pandas zone.
10:19 of 3rd period - Icing by Jonathan Toews.
10:20 of 3rd period - Radek Faksa wins face-off versus Jonathan Toews in Trash Pandas zone.
10:38 of 3rd period - Icing by John Marino.
10:39 of 3rd period - Ryan Strome wins face-off versus Radek Faksa in Warheads zone.
11:03 of 3rd period - Shot by Ryan Strome.
11:03 of 3rd period - Stopped by Logan Thompson with a rebound.
11:05 of 3rd period - Shot by Erik Johnson.
11:05 of 3rd period - Shot Blocked by Cam Fowler.
11:07 of 3rd period - Shot by Christian Dvorak.
11:07 of 3rd period - Stopped by Logan Thompson without a rebound.
11:08 of 3rd period - Robert Thomas wins face-off versus Anze Kopitar in Warheads zone.
11:24 of 3rd period - Minor Penalty to Lawson Crouse for Holding.
11:25 of 3rd period - Jonathan Toews wins face-off versus Mitchell Marner in Warheads zone.
11:40 of 3rd period - Shot by Shayne Gostisbehere.
11:40 of 3rd period - Stopped by Logan Thompson without a rebound.
11:41 of 3rd period - Anze Kopitar wins face-off versus Mitchell Marner in Warheads zone.
11:46 of 3rd period - Shot by Connor Murphy.
11:46 of 3rd period - Shot Misses the Net.
11:50 of 3rd period - Shot by Raccoon Willie.
11:50 of 3rd period - Shot Misses the Net.
11:52 of 3rd period - Shot by Anze Kopitar.
11:52 of 3rd period - Shot Blocked by Cam Fowler.
11:54 of 3rd period - Shot by Anze Kopitar.
11:54 of 3rd period - Deflect By Raccoon Willie.
11:54 of 3rd period - Stopped by Logan Thompson without a rebound.
11:55 of 3rd period - Jonathan Toews wins face-off versus Mitchell Marner in Warheads zone.
11:55 of 3rd period - Jonathan Toews is hit by John Marino.
12:03 of 3rd period - Shot by Shayne Gostisbehere.
12:03 of 3rd period - Stopped by Logan Thompson without a rebound.
12:04 of 3rd period - Anze Kopitar wins face-off versus Mitchell Marner in Warheads zone.
12:05 of 3rd period - Shot by Raccoon Willie.
12:05 of 3rd period - Stopped by Logan Thompson without a rebound.
12:06 of 3rd period - Anze Kopitar wins face-off versus Mitchell Marner in Warheads zone.
12:07 of 3rd period - Shot by Raccoon Willie.
12:07 of 3rd period - Shot Misses the Net.
12:09 of 3rd period - Shot by Anze Kopitar.
12:09 of 3rd period - Stopped by Logan Thompson with a rebound.
12:15 of 3rd period - Shot by Anze Kopitar.
12:15 of 3rd period - Stopped by Logan Thompson without a rebound.
12:16 of 3rd period - Jonathan Toews wins face-off versus Mitchell Marner in Warheads zone.
12:34 of 3rd period - Shot by Tom Wilson.
12:34 of 3rd period - Shot Misses the Net.
12:36 of 3rd period - Shot by Taylor Hall.
12:36 of 3rd period - Shot Blocked by Cam Fowler.
13:46 of 3rd period - Ryan Strome is hit by Lawson Crouse and loses puck.
14:13 of 3rd period - Minor Penalty to Raccoon Willie for Hooking.
14:14 of 3rd period - Robert Thomas wins face-off versus Ryan O'Reilly in Trash Pandas zone.
14:14 of 3rd period - Ilya Mikheyev is hit by Ben Chiarot and loses puck.
14:24 of 3rd period - Shot by Nicolas Roy.
14:24 of 3rd period - Stopped by Tristan Jarry without a rebound.
14:25 of 3rd period - Anze Kopitar wins face-off versus Lucas Raymond in Trash Pandas zone.
14:49 of 3rd period - Shot by Damon Severson.
14:49 of 3rd period - Stopped by Tristan Jarry without a rebound.
14:50 of 3rd period - Ryan O'Reilly wins face-off versus Robert Thomas in Trash Pandas zone.
14:59 of 3rd period - Ben Chiarot is hit by Mitchell Marner and loses puck.
15:10 of 3rd period - Shot by Damon Severson.
15:10 of 3rd period - Stopped by Tristan Jarry without a rebound.
15:11 of 3rd period - Robert Thomas wins face-off versus Ryan O'Reilly in Trash Pandas zone.
15:53 of 3rd period - Lawson Crouse is hit by Connor Murphy and loses puck.
16:00 of 3rd period - Shot by Nicolas Roy.
16:00 of 3rd period - Goal by Nicolas Roy - Warheads : 3 - Trash Pandas : 1.
16:01 of 3rd period - Nicolas Roy wins face-off versus Taylor Hall in neutral zone.
16:47 of 3rd period - Icing by Jake Walman.
16:48 of 3rd period - Anze Kopitar wins face-off versus Nicolas Roy in Warheads zone.
16:51 of 3rd period - Shot by Anze Kopitar.
16:51 of 3rd period - Shot Misses the Net.
17:00 of 3rd period - Off-side.
17:01 of 3rd period - Jeff Carter wins face-off versus Nick Foligno in neutral zone.
17:20 of 3rd period - Minor Penalty to Jeff Carter for Hooking.
17:21 of 3rd period - Anze Kopitar wins face-off versus Mitchell Marner in Warheads zone.
17:26 of 3rd period - Shot by Raccoon Willie.
17:26 of 3rd period - Shot Misses the Net.
17:54 of 3rd period - Shot by Shayne Gostisbehere.
17:54 of 3rd period - Shot Misses the Net.
17:56 of 3rd period - Shot by Sean Kuraly.
17:56 of 3rd period - Shot Misses the Net.
18:12 of 3rd period - Connor Murphy is hit by Jack McBain and loses puck.
18:20 of 3rd period - Icing by Tom Wilson.
18:21 of 3rd period - Jonathan Toews wins face-off versus Robert Thomas in Trash Pandas zone.
18:46 of 3rd period - Icing by Tom Wilson.
18:47 of 3rd period - Robert Thomas wins face-off versus Jonathan Toews in Trash Pandas zone.
19:47 of 3rd period - Shot by Ryan Strome.
19:47 of 3rd period - Stopped by Logan Thompson with a rebound.
Goals for this period are 1 for Warheads vs 0 for Trash Pandas.
Shots for this period are 5 for Warheads vs 15 for Trash Pandas.